 Dungeon Crawl Stone Soup version 0.21.1-1-g345015f (webtiles) character file.

16 tidbits the Grave Robber (level 2, 9/20 HPs)
             Began as a Gnoll Necromancer on June 16, 2018.
             Quit the game on level 2 of the Dungeon.
             The game lasted 00:01:30 (192 turns).

tidbits the Grave Robber (Gnoll Necromancer)         Turns: 192, Time: 00:01:31

Health: 9/20       AC:  3    Str: 10    XL:     2   Next: 58%
Magic:  7/7        EV:  7    Int: 17    God:
Gold:   0          SH:  0    Dex: 15    Spells: 8/10 levels left

rFire    . . .     SeeInvis .   d - +0 dagger
rCold    . . .     Gourm    .   (no shield)
rNeg     . . .     Faith    .   a - +0 robe
rPois    .         Spirit   .   (no helmet)
rElec    .         Reflect  .   (no cloak)
rCorr    .         Harm     .   (no gloves)
MR       .....                  F - +0 pair of boots
Stlth    +++.......             (no amulet)
HPRegen  0.06/turn              (no ring)
MPRegen  0.10/turn              (no ring)

@: held
A: distributed training, fangs 1, strong nose
a: no special abilities


You were on level 2 of the Dungeon.
You were not hungry.

You visited 1 branch of the dungeon, and saw 2 of its levels.

Inventory:

Hand Weapons
 d - a +0 dagger (weapon)
Armour
 a - a +0 robe (worn)
 F - a +0 pair of boots (worn)
Jewellery
 e - an uncursed ring of ice
   (You found it on level 1 of the Dungeon)
Scrolls
 f - a scroll of identify {unknown}
Books
 b - a book of Necromancy

   Spells                             Type                      Level
   a - Pain                           Necromancy                   1
   b - Animate Skeleton               Necromancy                   1
   c - Vampiric Draining              Necromancy                   3
   d - Regeneration                   Charms/Necromancy            3
   e - Animate Dead                   Necromancy                   4
   f - Borgnjor's Vile Clutch         Necromancy/Earth             5
Comestibles
 c - a ration


   Skills:
 + Level 0.4 Fighting
 + Level 0.4 Short Blades
 + Level 0.4 Long Blades
 + Level 0.4 Axes
 + Level 0.4 Maces & Flails
 + Level 0.4 Polearms
 + Level 0.4 Staves
 + Level 0.4 Slings
 + Level 0.4 Bows
 + Level 0.4 Crossbows
 + Level 0.4 Throwing
 + Level 0.4 Armour
 + Level 4.5 Dodging
 + Level 4.1 Stealth
 + Level 0.4 Shields
 + Level 0.4 Unarmed Combat
 + Level 4.9 Spellcasting
 + Level 0.2 Conjurations
 + Level 0.2 Hexes
 + Level 0.2 Charms
 + Level 0.2 Summonings
 + Level 7.0 Necromancy
 + Level 0.2 Translocations
 + Level 0.2 Transmutations
 + Level 0.2 Fire Magic
 + Level 0.2 Ice Magic
 + Level 0.2 Air Magic
 + Level 0.2 Earth Magic
 + Level 0.2 Poison Magic
 + Level 0.5 Invocations
 + Level 0.4 Evocations


You had 8 spell levels left.
You knew the following spells:

 Your Spells              Type           Power        Failure   Level  Hunger
a - Pain                  Necr           ####         1%          1    None
n - Animate Skeleton      Necr           N/A          1%          1    None


Dungeon Overview and Level Annotations

Branches:
Dungeon (2/15)

Altars:
Ashenzari


Innate Abilities, Weirdness & Mutations

Your experience applies equally to all skills.
You have very sharp teeth.
Your uncanny sense of smell can sniff out nearby items.


Message History

Casting: Pain
Confirm with . or Enter, or press ? or * to list all spells.
Aiming: Pain
Press: ? - help, Shift-Dir - straight line, f - gnoll
Aim: a gnoll, wielding a whip (almost dead, chance to defeat MR: 89%)
The gnoll barely resists.
The gnoll shouts!
The gnoll hits you with a whip.
* * * LOW HITPOINT WARNING * * *
Casting: Pain
Confirm with . or Enter, or press ? or * to list all spells.
Aiming: Pain
Press: ? - help, Shift-Dir - straight line, f/p - gnoll
Aim: a gnoll, wielding a whip (almost dead, chance to defeat MR: 89%)
The gnoll writhes in agony!
You kill the gnoll!
You have reached level 2!
A bat comes into view.
There is a stone staircase leading up here.
The bat moves out of view.
The kobold misses you.
You climb upwards.
There is a stone staircase leading down here.
Unknown command.
Casting: Pain
Confirm with . or Enter, or press ? or * to list all spells.
Aiming: Pain
Press: ? - help, Shift-Dir - straight line, f - kobold
Aim: a kobold (chance to defeat MR: 93%)
The kobold writhes in agony!
You kill the kobold!
Memorise Animate Skeleton, consuming 1 spell level and leaving 8?
You start memorising the spell.
You continue memorising.
You finish memorising.
Spell assigned to 'n'.
Found a dagger.
You see here a dagger.
Magic restored.
A bat comes into view.
Found a shiny agate ring.
The helpless bat fails to defend itself.
You puncture the bat!
You kill the bat!
You see here a shiny agate ring.
e - a shiny agate ring Put on which piece of jewellery? (? for menu, Esc to quit)
You feel more attuned to ice.
e - a ring of ice (left hand)
You remove your ring of ice.
Unknown command.
A bat and a rat come into view.
Found a shattered altar of Ashenzari.
Unknown command.
The helpless bat fails to defend itself.
You puncture the bat!
You kill the bat!
The rat closely misses you.
You closely miss the rat. Your bite misses the rat.
The rat bites you but does no damage.
Casting: Pain
Confirm with . or Enter, or press ? or * to list all spells.
Aiming: Pain
Press: ? - help, Shift-Dir - straight line, f - rat
Aim: a rat (chance to defeat MR: 93%)
The rat writhes in agony!
You kill the rat!
A goblin comes into view. It is wielding a dagger.
Found a scroll labeled DERCHIN QYTZOT.
Casting: Pain
Confirm with . or Enter, or press ? or * to list all spells.
Aiming: Pain
Press: ? - help, Shift-Dir - straight line, f - goblin
Aim: a goblin, wielding a dagger (resting, chance to defeat MR: 93%)
The goblin shouts!
The goblin writhes in agony!
You kill the goblin!
The hobgoblin shouts!
You see here a scroll labeled DERCHIN QYTZOT.
f - a scroll labeled DERCHIN QYTZOT
Found a pair of boots.
Unknown command.
You see here a pair of boots.
g - a pair of boots Wear which item? (? for menu, Esc to quit)
You start putting on your armour.
You continue putting on your pair of boots. x4
You finish putting on your +0 pair of boots.
Adjust (i)tems, (s)pells, or (a)bilities?
Adjust which item? (? for menu, Esc to quit)
g - a +0 pair of boots (worn)
Adjust to which letter? (? for menu, Esc to quit)
F - a +0 pair of boots (worn)
Okay, then.
There is a stone staircase leading down here.
You climb downwards.
The gnoll hits you with a spear.
* * * LOW HITPOINT WARNING * * *
The gnoll throws a throwing net.
The throwing net hits you.
You become entangled in the net!
The gnoll hits you but does no damage.
There is a stone staircase leading up here.
You see here a throwing net {!f}.
Unknown command.
Are you sure you want to abandon this character and quit the game? (Confirm with "yes".)

#.#. #..
#.. # #.(
.$ #.#
..# #b#
... #g#
..
##.####.#
#@g...).#
#.#######
#.. ###.
##


You could see 2 gnolls and a bat.

Vanquished Creatures
  A gnoll (D:2)
  2 goblins (D:1)
  2 bats (D:1)
  A kobold (D:1)
  A rat (D:1)
7 creatures vanquished.

Notes
Turn   | Place    | Note
-------+----------+-------------------------------------------
     0 | D:1      | tidbits the Gnoll Necromancer began the quest for the Orb.
     0 | D:1      | Reached XP level 1. HP: 13/13 MP: 6/6
    26 | D:2      | Reached XP level 2. HP: 9/20 MP: 4/7
    39 | D:1      | Learned a level 1 spell: Animate Skeleton
   102 | D:1      | Found a shattered altar of Ashenzari.
   192 | D:2      | Quit the game

Action                   || total
-------------------------++-------
Melee: Dagger            ||     4
       Bite              ||     1
 Cast: Pain              ||     6
 Stab: Sleeping          ||     3
Armor: Robe              ||     2
Dodge: Dodged            ||     3

Table legend:
 A = Turns spent in this place as a percentage of turns spent in the entire game.
 B = Non-inter-level travel turns spent in this place as a percentage of non-inter-level travel turns spent in the entire game.
 C = Inter-level travel turns spent in this place as a percentage of turns spent in this place.
 D = Turns resting spent in this place as a percentage of non-inter-level travel turns spent in this place.
 E = Turns spent auto-exploring this place as a percentage of non-inter-level travel turns spent in this place.
 F = Non-inter-level travel turns spent in this place divided by the number of levels of this place that you've seen.
                   A       B       C       D       E      F
               +-------+-------+-------+-------+-------+----------------------
         Total | 100.0 | 100.0 |   0.0 |   0.0 |   0.0 |  96.0
       Dungeon | 100.0 | 100.0 |   0.0 |   0.0 |   0.0 |  96.0
               +-------+-------+-------+-------+-------+----------------------

Table legend:
 A = Kills in this place as a percentage of kills in entire the game.
 B = Kills by you in this place as a percentage of kills by you in the entire game.
 C = Kills by friends in this place as a percentage of kills by friends in the entire game.
 D = Other kills in this place as a percentage of other kills in the entire game.
 E = Experience gained in this place as a percentage of experience gained in the entire game.
 F = Experience gained in this place divided by the number of levels of this place that you have seen.
                   A       B       C       D       E      F
               +-------+-------+-------+-------+-------+----------------------
         Total | 100.0 | 100.0 |   N/A |   N/A | 100.0 |  12.0
       Dungeon | 100.0 | 100.0 |   N/A |   N/A | 100.0 |  12.0
               +-------+-------+-------+-------+-------+----------------------

Vault maps used:
D:1:      scummos_arrival_hexagon, nicolae_ashenzari_panopticon
D:2:      lemuel_crystal_altar, grunt_dithmenos_smoke
